Map: [ESL] NeoHumanity

Players

Elazer

  • Race: Zerg Zerg

Classic - Winner!

  • Race: Protoss Protoss

Event: IEM Katowice 2023

VOD

Have the link to the VOD?

Description

Time

  • Played on: Feb. 8, 2023, 10:58 a.m.
  • Length: 13:08

All games in this series

Show
View Real Time Build Order
Export as new Build Order

Elazer Zerg 

Build Orders: Hatch First 

Get SALT Encoding   

  12  0:00  Drone  
  13  0:12  Overlord  
  13  0:17  Drone  
  14  0:30  Drone x2  
  16  0:48  Hatchery  
  15  0:51  Drone  
  15  0:54  Drone  
  17  0:58  Drone  
  18  1:09  Extractor  
  17  1:14  Spawning Pool  
  17  1:16  Drone  
  17  1:20  Drone  
  18  1:28  Drone  
  19  1:39  Drone  
  20  1:50  Overlord  
  21  2:01  Drone, Queen x2  
  21  2:02  Zergling x2  
  26  2:11  Drone  
  26  2:12  Metabolic Boost, Zergling x2  
  30  2:22  Drone x2  
  30  2:32  Drone x2  
  32  2:37  Queen  
  34  2:45  Overlord  
  34  2:47  Drone  
  35  2:53  Hatchery  
  34  2:58  Queen  
  34  3:03  Drone  
  37  3:06  Overlord  
  37  3:08  Drone x2  
  37  3:12  Drone x2  
  41  3:19  Queen  
  43  3:21  Drone  
  43  3:24  Overlord  
  44  3:29  Drone  
  44  3:31  Spore Crawler  
  43  3:38  Drone x2  
  45  3:43  Zergling x10  
  50  3:48  Overlord  
  50  3:49  Overlord, Drone  
  50  4:04  Queen x2  
  50  4:05  Drone  
  50  4:06  Drone x2  
  50  4:08  Drone x2  
  59  4:12  Drone x2  
  59  4:14  Overlord  
  61  4:21  Drone x4  
  65  4:26  Drone x4  
  68  4:33  Overlord  
  66  4:40  Extractor, Drone x4  
  66  4:41  Roach Warren  
  66  4:47  Drone x4  
  66  4:49  Drone x3  
  66  4:50  Drone  
  73  4:53  Drone  
  73  4:56  Extractor  
  73  4:59  Overlord  
  73  5:03  Overlord  
  73  5:08  Zergling x4  
  73  5:10  Zergling x6  
  73  5:14  Hatchery, Zergling x8  
  79  5:25  Drone x3  
  79  5:27  Drone  
  81  5:28  Overlord  
  81  5:32  Lair  
  81  5:35  Drone  
  82  5:36  Extractor, Drone x2, Evolution Chamber  
  82  5:37  Drone  
  82  5:41  Overlord  
  83  5:49  Drone  
  84  5:50  Drone x3  
  84  5:54  Drone  
  84  5:55  Zergling x12  
  84  5:57  Unknown  
  92  6:02  Zerg Missile Weapons Level 1  
  92  6:05  Drone x2  
  92  6:06  Drone  
  92  6:08  Overlord  
  95  6:16  Drone x2  
  95  6:17  Zergling x12  
  103  6:24  Overlord  
  103  6:27  Drone  
  103  6:28  Baneling Nest  
  103  6:30  Hydralisk Den  
  101  6:38  Zergling x18  
  108  6:44  Drone  
  109  6:48  Overlord, Hatchery  
  109  6:49  Overlord  
  108  7:00  Hydralisk x10  
  108  7:01  Muscular Augments  
  128  7:09  Drone x3  
  128  7:10  Drone x5  
  128  7:12  Hydralisk  
  128  7:13  Hydralisk x3  
  128  7:14  Centrifugal Hooks  
  144  7:25  Hydralisk x5  
  154  7:32  Overlord  
  154  7:33  Overlord x2  
  154  7:35  Hydralisk x3  
  160  7:42  Extractor, Drone  
  160  7:43  Overlord  
  160  7:50  Overlord  
  161  7:51  Drone x2, Hydralisk x5  
  161  7:56  Zergling x6  
  175  7:59  Zerg Missile Weapons Level 2  
  175  8:08  Baneling x8  
  175  8:12  Grooved Spines, Zergling x26  
  188  8:14  Baneling x5  
  188  8:15  Baneling  
  188  8:19  Baneling x4  
  188  8:24  Baneling x3  
  188  8:25  Baneling  
  188  8:28  Baneling  
  188  8:30  Baneling x3  
  188  8:32  Overseer  
  184  8:35  Drone x5  
  184  8:36  Drone x6  
  194  8:42  Spine Crawler  
  194  8:43  Baneling x8  
  193  8:54  Zergling x6  
  193  8:55  Zergling x12  
  198  8:58  Spine Crawler  
  198  8:59  Spine Crawler  
  198  9:01  Baneling x11  
  179  9:23  Hydralisk x7  
  180  9:26  Zergling x14  
  166  9:33  Hydralisk  
  158  9:42  Queen x3  
  158  9:44  Zergling x12  
  158  9:45  Baneling x14  
  158  9:46  Hatchery  
  158  9:47  Zergling x4  
  151  9:57  Zergling x6  
  134  10:07  Hydralisk  
  134  10:08  Hydralisk x4  
  136  10:16  Hatchery  
  135  10:25  Drone  
  135  10:27  Zerg Melee Weapons Level 1  
  136  10:33  Zergling x20  
  146  10:40  Zergling x4  
  146  10:50  Drone x7  
  146  10:51  Drone  
  154  10:59  Baneling x2  
  153  11:07  Baneling x5, Hydralisk x3  
  153  11:08  Hydralisk x3  
  165  11:22  Drone x3, Hydralisk  
  165  11:23  Zergling x6  
  172  11:34  Zergling x14  
  179  11:41  Zergling x8  
  179  11:42  Baneling x6, Hatchery  
  179  11:43  Pneumatized Carapace  
  179  11:55  Zergling x20  
  179  11:56  Baneling x14  
  183  12:07  Hydralisk  
  183  12:08  Hydralisk x7  
  168  12:17  Zergling x16  
  168  12:22  Queen, Zergling x6  
  165  12:23  Queen x3  
  165  12:26  Overseer  
  165  12:28  Hydralisk x2  
  163  12:34  Hydralisk x3  
  152  12:39  Hydralisk  
  152  12:40  Hydralisk  
Show
View Real Time Build Order
Export as new Build Order

Classic Protoss - Winner!

Build Orders: 1 Gate Expand, Oracle Opening, Zealot Archon 

Get SALT Encoding   

  12  0:00  Probe  
  13  0:13  Pylon  
  13  0:18  Probe (Chrono Boost)  
  14  0:27  Probe (Chrono Boost)  
  15  0:32  Probe (Chrono Boost)  
  16  0:40  Gateway  
  16  0:44  Probe  
  16  0:49  Assimilator  
  17  0:56  Probe  
  18  1:08  Probe  
  19  1:20  Probe  
  20  1:27  Nexus  
  20  1:32  Probe  
  21  1:40  Cybernetics Core  
  21  1:44  Probe  
  22  1:48  Assimilator  
  22  1:54  Pylon  
  22  1:57  Probe  
  23  2:12  Probe  
  23  2:13  Adept (Chrono Boost)  
  24  2:20  Stargate  
  26  2:24  Probe  
  26  2:29  Warp Gate  
  27  2:36  Adept  
  30  2:37  Probe (Chrono Boost)  
  30  2:38  Probe (Chrono Boost)  
  31  2:47  Probe (Chrono Boost)  
  31  2:48  Probe (Chrono Boost)  
  33  2:52  Probe (Chrono Boost)  
  33  2:53  Probe (Chrono Boost)  
  35  3:03  Probe  
  35  3:05  Probe  
  41  3:08  Void Ray (Chrono Boost)  
  41  3:10  Pylon  
  41  3:15  Probe  
  41  3:17  Probe  
  43  3:22  Gateway  
  43  3:27  Probe  
  43  3:29  Probe  
  45  3:35  Oracle (Chrono Boost)  
  45  3:39  Probe  
  45  3:41  Probe  
  48  3:48  Nexus  
  48  3:52  Pylon  
  48  3:56  Probe x2  
  48  4:02  Assimilator  
  50  4:03  Assimilator  
  50  4:08  Probe x2  
  52  4:14  Twilight Council  
  52  4:16  Forge  
  52  4:20  Probe x2  
  54  4:25  Adept  
  54  4:26  Adept  
  58  4:36  Probe x2  
  56  4:47  Gateway  
  56  4:49  Gateway  
  56  4:54  Gateway  
  56  4:56  Gateway  
  56  5:00  Templar Archives  
  56  5:01  Probe x3 (Chrono Boost)  
  56  5:03  Protoss Ground Weapons Level 1 (Chrono Boost)  
  56  5:06  Blink  
  59  5:11  Probe x3 (Chrono Boost)  
  62  5:16  Probe x3 (Chrono Boost)  
  65  5:27  Pylon  
  65  5:28  Probe (Chrono Boost)  
  68  5:30  Assimilator  
  68  5:32  Assimilator, Probe (Chrono Boost)  
  68  5:33  Probe (Chrono Boost)  
  68  5:37  Psionic Storm  
  68  5:38  Probe (Chrono Boost)  
  68  5:42  Probe x2 (Chrono Boost)  
  71  5:43  Probe (Chrono Boost), Stalker  
  71  5:44  Stalker  
  76  5:52  Probe  
  76  5:54  Nexus  
  76  5:56  Pylon  
  77  5:59  Probe x2  
  77  6:04  Probe  
  80  6:05  Pylon  
  80  6:08  High Templar  
  80  6:09  High Templar  
  84  6:12  Pylon  
  84  6:13  Probe  
  84  6:14  Probe  
  84  6:16  High Templar x2, Probe  
  91  6:24  Gateway  
  91  6:25  Gateway  
  91  6:26  Gateway  
  91  6:29  Shield Battery  
  91  6:30  Unknown  
  91  6:32  Shield Battery, Stalker x2  
  95  6:36  Robotics Facility  
  95  6:40  Probe x3  
  95  6:44  High Templar x2  
  102  6:47  Pylon  
  102  6:49  Pylon  
  102  6:52  Probe x3  
  105  7:00  Protoss Ground Weapons Level 2 (Chrono Boost)  
  105  7:01  Stalker x3  
  104  7:07  Shield Battery  
  108  7:09  Shield Battery, Pylon  
  108  7:14  Gateway  
  108  7:16  Pylon  
  108  7:17  Photon Cannon  
  108  7:20  Photon Cannon  
  108  7:22  High Templar x2  
  112  7:23  Probe  
  112  7:24  Probe x3  
  112  7:25  Observer  
  112  7:27  Archon  
  117  7:30  Stalker  
  117  7:31  Stalker  
  121  7:38  Pylon  
  121  7:39  Pylon, Gateway  
  121  7:40  Gateway  
  121  7:45  Immortal (Chrono Boost)  
  125  7:51  Stalker x2  
  125  7:54  High Templar x2  
  133  7:58  Photon Cannon  
  133  7:59  Archon  
  133  8:00  Shield Battery  
  133  8:01  Shield Battery  
  133  8:02  Stalker  
  135  8:11  Stalker x4  
  135  8:12  Stalker  
  145  8:14  Warp Prism (Chrono Boost)  
  147  8:22  High Templar x2  
  151  8:27  Archon, Pylon  
  151  8:32  Stalker x3  
  151  8:33  Stalker  
  159  8:43  Stalker x6  
  159  8:47  Charge  
  171  9:07  Stalker x4  
  146  9:27  Pylon  
  146  9:29  Nexus  
  146  9:30  Pylon  
  137  9:32  Pylon  
  137  9:33  Pylon  
  137  9:35  Pylon  
  137  9:36  Pylon, Archon  
  137  9:37  Pylon  
  131  9:44  Stalker x5  
  141  9:47  Warp Prism  
  137  9:58  Stalker x4  
  137  9:59  Stalker x3  
  110  10:16  High Templar x3  
  110  10:17  High Templar  
  118  10:24  Protoss Ground Armor Level 1 (Chrono Boost)  
  118  10:25  Probe x3  
  121  10:29  High Templar x2  
  121  10:31  Stalker x2  
  121  10:32  Stalker x2  
  133  10:43  Probe x4  
  133  10:44  Assimilator  
  133  10:47  Assimilator  
  137  10:50  Stalker x3  
  137  10:55  Stalker  
  145  11:01  Stalker x3  
  151  11:08  Zealot x5  
  162  11:11  Observer (Chrono Boost)  
  162  11:17  Probe x4  
  166  11:25  Stalker  
  166  11:26  Stalker x4  
  176  11:33  High Templar x2  
  176  11:37  Archon  
  180  11:43  Stalker x4  
  188  11:48  Stalker x2  
  190  12:01  Archon  
  177  12:06  Stalker x6  
  169  12:16  Stalker x3  
  145  12:22  Zealot x2  
  145  12:23  Zealot  
  145  12:29  Zealot x5  
  149  12:30  Zealot  
  135  12:43  Zealot x6  
  123  12:51  Zealot x2  
  123  12:52  Zealot x2  
  123  12:55  Archon  

Tags
 
Add a new tag
Caveats
  • Supply blocks, unpowered buildings, or Contaminate may cause inaccurate times.
  • Supply counts are checked every 10 seconds.